AoeStats
← Jazzmushroom

Black Forest

510463378Analyzed
4v4 RM · 8h ago on Oct 1, 2026· 41m 6s· 8 players
Game mode
Random Map
Map size
Large (8 player)
Population
200
Speed
Normal
Resources
Standard
Victory
Conquest
Starting age
Dark Age
Ending age
Imperial Age
RankedLock teamsTeams togetherTeam positionsShared explorationLock speedFull tech treeHidden civsTurbo modeCheats
Victory
Defeat
🇯🇵 Persians · Japan
1599
+8
🇺🇸 Chinese · United States
1512
+11
🇯🇵 Teutons · Japan
1505
+11
🇺🇸 Varangians · United States
1420
+15
🇨🇱 Franks · Chile
1473
-14
🇨🇦 Italians · Canada
1424
-12
🇺🇸 Hindustanis · United States
1368
-10
🇺🇸 Mongols · United States
1339
-9
Chris Bosh the Dinosaurman
0:47 Loom
12:02 Feudal Age
12:58 Double-Bit Axe
13:04 Gold Mining
16:21 Wheelbarrow
15:55 Fletching
16:22 Stone Mining
22:11 Castle Age
20:22 Horse Collar
23:02 Bow Saw
22:54 Heavy Plow
22:51 Bodkin Arrow
23:36 Gold Shaft Mining
29:07 Imperial Age
27:58 Stone Shaft Mining
27:05 Crossbowman
28:47 Ballistics
29:14 Masonry
30:18 Conscription
30:07 Bracer
32:04 Architecture
33:43 Hand Cart
34:24 Thumb Ring
37:20 Two-Man Saw
35:46 Arbalester
38:07 Chemistry
37:09 Padded Archer Armor
38:20 Leather Archer Armor
39:24 Conscription
38:27 Elite Chu Ko Nu
40:20 Ring Archer Armor
Jazzmushroom
11:22 Feudal Age
12:24 Double-Bit Axe
13:34 Horse Collar
16:00 Castle Age
17:37 Wheelbarrow
17:18 Bow Saw
20:08 Fishing Lines
21:50 Gillnets
23:37 Heavy Plow
24:57 Hand Cart
25:19 Gold Mining
25:19 Stone Mining
25:43 Loom
25:44 Town Watch
30:59 Imperial Age
29:37 Forging
31:04 Iron Casting
30:31 Scale Mail Armor
30:14 Treadmill Crane
31:21 Coinage
31:47 Stone Shaft Mining
31:06 Gambesons
31:24 Squires
31:11 Arson
31:44 Chain Mail Armor
33:02 Blast Furnace
33:12 Two-Man Saw
31:35 Elite Varangian Guard
31:46 Capped Ram
31:48 Gothikon
32:48 Conscription
33:21 Banking
33:25 Siege Engineers
32:50 Siege Ram
happikon.6139
0:39 Loom
10:23 Feudal Age
10:28 Man-at-Arms
17:24 Double-Bit Axe
20:58 Fletching
21:54 Horse Collar
28:15 Castle Age
27:02 Fishing Lines
29:56 Bow Saw
30:36 Wheelbarrow
30:26 Heavy Plow
32:26 Gillnets
33:06 Gold Mining
33:08 Stone Mining
35:08 Padded Archer Armor
36:02 Hand Cart
35:33 Town Watch
38:54 Imperial Age
37:20 Fortified Wall
37:55 Leather Archer Armor
38:31 Stone Shaft Mining
38:23 Masonry
38:55 Caravan
39:00 Scale Mail Armor
39:11 Forging
40:58 Chemistry
39:21 Onager
40:53 Ring Archer Armor
40:19 Bodkin Arrow
toyoruku
10:28 Feudal Age
14:26 Castle Age
12:43 Double-Bit Axe
13:15 Horse Collar
16:28 Bow Saw
18:44 Loom
20:46 Heavy Plow
22:17 Wheelbarrow
23:15 Stone Mining
24:14 Fishing Lines
25:23 Hand Cart
25:59 Stone Shaft Mining
25:16 Gold Mining
29:19 Imperial Age
27:49 Gold Shaft Mining
28:24 Scale Barding Armor
28:18 Loom
29:12 Forging
29:42 Chain Barding Armor
30:32 Iron Casting
30:35 Caravan
31:29 Plate Barding Armor
31:43 Conscription
30:48 Elite War Elephant
32:27 Guilds
33:39 Hoardings
33:19 Masonry
33:05 Murder Holes
34:12 Chemistry
33:48 Town Watch
34:09 Devotion
35:21 Blast Furnace
34:57 Crop Rotation
35:28 Two-Man Saw
37:08 Bloodlines
36:58 Husbandry
38:52 Coinage
38:19 Fletching
46631201
1:19 Loom
11:39 Feudal Age
25:39 Castle Age
24:20 Double-Bit Axe
25:17 Horse Collar
26:48 Bow Saw
27:22 Heavy Plow
28:03 Wheelbarrow
31:16 Gold Mining
31:17 Stone Mining
31:47 Fletching
33:21 Hand Cart
37:58 Imperial Age
35:46 Bodkin Arrow
36:26 Padded Archer Armor
37:39 Leather Archer Armor
37:31 Thumb Ring
37:58 Husbandry
38:08 Bloodlines
38:55 Bracer
39:24 Elite Mangudai
40:27 Ballistics
41:07 Chemistry
鸭子
9:45 Feudal Age
14:40 Castle Age
12:55 Double-Bit Axe
14:39 Gold Mining
15:43 Bow Saw
15:30 Loom
16:16 Loom
16:43 Horse Collar
20:35 Wheelbarrow
21:14 Gold Shaft Mining
20:24 Fishing Lines
22:54 Hand Cart
25:47 Forging
25:41 Heavy Plow
25:34 Stone Mining
26:19 Scale Barding Armor
30:36 Imperial Age
30:14 Iron Casting
30:37 Bloodlines
30:28 Husbandry
31:12 Chain Barding Armor
30:40 Heavy Camel Rider
32:24 Chemistry
32:12 Caravan
32:49 Plate Barding Armor
33:16 Blast Furnace
32:47 Grand Trunk Road
32:26 Imperial Camel Rider
33:35 Conscription
33:17 Padded Archer Armor
36:12 Leather Archer Armor
36:00 Shatagni
39:25 Ring Archer Armor
zhazhahui
6:04 Loom
13:04 Feudal Age
17:38 Castle Age
16:15 Fletching
19:26 Stone Mining
22:34 Double-Bit Axe
24:02 Horse Collar
26:14 Wheelbarrow
27:57 Bow Saw
30:55 Imperial Age
28:45 Padded Archer Armor
28:42 Gold Mining
29:05 Bodkin Arrow
29:39 Heavy Plow
31:08 Masonry
31:38 Stone Shaft Mining
32:40 Chemistry
36:58 Hand Cart
36:28 Town Watch
37:36 Bracer
_dEus_
11:24 Feudal Age
13:25 Loom
16:04 Castle Age
15:45 Scale Barding Armor
22:05 Double-Bit Axe
23:22 Bow Saw
28:05 Stone Mining
28:27 Town Watch
29:34 Wheelbarrow
34:32 Imperial Age
32:24 Hand Cart
32:16 Treadmill Crane
32:51 Gold Mining
33:33 Fishing Lines
34:42 Gold Shaft Mining
34:32 Forging
35:56 Iron Casting
34:43 Ordonnance Companies
34:46 Elite Throwing Axeman
36:45 Chemistry
36:24 Conscription
39:01 Blast Furnace
38:21 Scale Mail Armor
39:00 Siege Engineers
38:32 Onager
39:32 Gambesons
39:48 Squires
40:16 Arson
40:33 Pikeman
Connection lost

Rejoining the realm…

Still unreachable

The connection could not be restored.

Session expired

The server has moved on; the page needs a fresh start.